 Dungeon Crawl Stone Soup version 0.30-a0-913-g9934a0c (webtiles) character file.

Game seed: 3457774062851299981

573 Dorkslayer the Covered (level 7, -2/61 HPs)
             Began as a Hill Orc Fighter on Mar 19, 2023.
             Was an Initiate of Gozag.
             Slain by Duvessa
             ... wielding a +0 short sword
              (3 damage)
             ... on level 4 of the Dungeon.
             The game lasted 00:10:00 (3234 turns).

Dorkslayer the Covered (Hill Orc Fighter)           Turns: 3234, Time: 00:10:02

Health: -2/61      AC:  8    Str: 20 (21) XL:     7   Next: 34%
Magic:  7/7        EV: 10    Int:  7 (8)  God:    Gozag
Gold:   87         SH:  4    Dex: 10      Spells: 6/6 levels left

rFire   . . .      SeeInvis .    a - +0 war axe
rCold   . . .      Faith    .    c - +0 buckler
rNeg    . . .      Spirit   .    b - +0 scale mail
rPois   .          Reflect  .    (no helmet)
rElec   .          Rampage  .    (no cloak)
rCorr   .                        d - +0 pair of gloves
Will    .....                    (no boots) Stlth
                                 (no amulet)
HPRegen 0.30/turn                (no ring)
MPRegen 0.10/turn                (no ring)

@: no status effects
A: no striking features
a: Renounce Religion, Potion Petition, Call Merchant, Bribe Branch


You were on level 4 of the Dungeon.
You worshipped Gozag.
Gozag was noncommittal.
You visited 1 branch of the dungeon, and saw 4 of its levels.

You collected 256 gold pieces.
You spent 130 gold pieces at shops.
You paid 39 gold pieces to Gozag.

Inventory:

Hand Weapons
 a - a +0 war axe (weapon)
Missiles
 e - 2 silver javelins
 i - 3 boomerangs
 q - 4 javelins (quivered)
Armour
 b - a +0 scale mail (worn)
 c - a +0 buckler (worn)
 d - a +0 pair of gloves (worn)
Scrolls
 f - a scroll of blinking {unknown}
 h - a scroll of torment {unknown}
 j - a scroll of butterflies
 k - a scroll of immolation
 n - a scroll of fog {unknown}
 p - a scroll of enchant armour {unknown}
 u - a scroll of identify
Potions
 g - a potion of flight
 l - a potion of mutation
 m - 2 potions of lignification
 s - a potion of magic {unknown}
 t - 2 potions of resistance {unknown}


   Skills:
 + Level 5.0 Fighting
 + Level 4.5 Axes
 * Level 5.5 Armour
 * Level 3.1 Dodging
 + Level 4.5 Shields


You had 6 spell levels left.
You didn't know any spells.
Your spell library contained the following spells:

 Spells                   Type           Power      Damage    Failure   Level
 Blink                    Tloc           0%         N/A       94%         2
 Lesser Beckoning         Tloc           0%         N/A       94%         2
 Momentum Strike          Conj/Tloc      0%         3d8       94%         2
 Portal Projectile        Hex/Tloc       0%         N/A       99%         3
 Tukima's Dance           Hex            0%         N/A       99%         3
 Blade Hands              Tmut           0%         N/A       100%        5


Dungeon Overview and Level Annotations

Branches:
Dungeon (4/15)
 Temple: D:4-7

Altars:
Ashenzari
Gozag
Kikubaaqudgha
Nemelex Xobeh
Trog

Shops:
D:4 :!

Annotations:
D:4 Duvessa


Message History

You hit Duvessa but do no damage.
Duvessa is moderately wounded.
Duvessa hits you with a +0 short sword. You block Duvessa's attack.
You hit Duvessa.
Duvessa is moderately wounded.
Duvessa closely misses you. Duvessa hits you with a +0 short sword!
You slash Duvessa!
Duvessa is moderately wounded.
You block Duvessa's attack. Duvessa hits you with a +0 short sword!
You slash Duvessa!
Duvessa is heavily wounded.
Duvessa hits you with a +0 short sword. Duvessa hits you with a +0 short sword!
* * * LOW HITPOINT WARNING * * *
You feel much better. You block Duvessa's attack.
Duvessa hits you with a +0 short sword.
You completely miss Duvessa.
Duvessa is heavily wounded.
Duvessa closely misses you.
You feel much better.
Duvessa hits you with a +0 short sword. x2
You barely miss Duvessa.
Duvessa is heavily wounded.
Duvessa closely misses you. Duvessa hits you with a +0 short sword!
You slash Duvessa!
Duvessa is severely wounded.
Duvessa hits you with a +0 short sword! Duvessa closely misses you.
You hit Duvessa but do no damage.
Duvessa is severely wounded.
Duvessa hits you with a +0 short sword!
* * * LOW HITPOINT WARNING * * *
Duvessa hits you with a +0 short sword!
* * * LOW HITPOINT WARNING * * *
You feel better. Duvessa hits you with a +0 short sword!
* * * LOW HITPOINT WARNING * * *
You barely miss Duvessa.
Duvessa is severely wounded.
Duvessa hits you with a +0 short sword.
* * * LOW HITPOINT WARNING * * *
Duvessa hits you with a +0 short sword.
You die...
Your body crumbles into a pile of gold.

..#.##.###.... ...
.........(##. ...
###....###.<.. ...
...........##.
#B######..........
#h#...........∩##.
#g#.⌠.⌠....###)##b
##e#..∩.....# #)##b
#.@#.⌠.⌠....# #.##b
##.######.#### #....
#####..#####.....######.
#.......#....###..## ##
#.......#...# ##..#
#...[.......######.#
#########......###.#
#.......##.##.##
#####...........


You could see Duvessa (berserk), a hound, a giant cockroach and a goblin.

Vanquished Creatures
  Sigmund (D:3)
  Pargi (D:3)
  Dowan (D:4)
  Jessica (D:3)
  Natasha (thrice) (D:2)
  2 orc wizards (D:4)
  4 gnolls (D:2)
  2 adders
  4 worms
  A dart slug (D:3)
  4 orcs
  6 endoplasms
  3 giant cockroaches
  7 goblins
  5 hobgoblins
  6 jackals
  A quokka (D:1)
  4 ball pythons
  8 bats
  2 frilled lizards
  A kobold (D:1)
  2 rats (D:3)
69 creatures vanquished.

Vanquished Creatures (others)
  3 demonic plants (D:2)
  2 fungi (D:2)
  5 plants (D:2)
  A withered plant (D:2)
11 creatures vanquished.

Grand Total: 80 creatures vanquished

Notes
Turn   | Place    | Note
-------+----------+-------------------------------------------
     0 | D:1      | Dorkslayer the Hill Orc Fighter began the quest for the
                  | Orb.
     0 | D:1      | Reached XP level 1. HP: 19/19 MP: 1/1
   120 | D:1      | Reached XP level 2. HP: 23/27 MP: 2/2
   888 | D:2      | Noticed Natasha
   893 | D:2      | Killed Natasha
   894 | D:2      | Reached skill level 1 in Dodging
   894 | D:2      | Reached XP level 3. HP: 26/33 MP: 3/3
   993 | D:2      | Noticed Natasha
  1002 | D:2      | Killed Natasha
  1003 | D:2      | Reached XP level 4. HP: 20/40 MP: 4/4
  1087 | D:2      | Found a faded altar of an unknown god.
  1169 | D:2      | Noticed Natasha
  1185 | D:2      | Killed Natasha
  1513 | D:2      | You fall into a shaft and drop 1 floor!
  1523 | D:3      | Found an ancient bone altar of Kikubaaqudgha.
  1590 | D:3      | Noticed Pargi
  1606 | D:3      | Killed Pargi
  1607 | D:3      | Reached XP level 5. HP: 15/47 MP: 5/5
  1613 | D:3      | Noticed Sigmund
  1644 | D:3      | Killed Sigmund
  1645 | D:3      | Reached skill level 5 in Armour
  1645 | D:3      | Reached XP level 6. HP: 26/53 MP: 6/6
  1682 | D:3      | Found a bloodstained altar of Trog.
  2513 | D:3      | Noticed Jessica
  2518 | D:3      | Killed Jessica
  2519 | D:3      | Reached XP level 7. HP: 60/60 MP: 7/7
  2546 | D:3      | Found a sparkling altar of Nemelex Xobeh.
  2547 | D:3      | Found an opulent altar of Gozag.
  2563 | D:3      | Became a worshipper of Gozag Ym Sagoz the Greedy
  2933 | D:4      | Noticed Dowan
  2942 | D:4      | Killed Dowan
  2942 | D:4      | Noticed Duvessa
  2953 | D:4      | Found Poneid's Distillery.
  2959 | D:3      | Found a broken altar of Ashenzari.
  3139 | D:4      | Reached skill level 5 in Fighting
  3173 | D:4      | Bought a potion of curing for 30 gold pieces
  3173 | D:4      | Bought a potion of heal wounds for 50 gold pieces
  3173 | D:4      | Bought a potion of heal wounds for 50 gold pieces
  3175 | D:4      | Found Vecvap's Book Boutique.
  3234 | D:4      | HP: 1/61 [Duvessa/+0 short sword (5)]
  3234 | D:4      | Slain by Duvessa

Illustrated notes

Levels and vault maps discovered:
D:1:      lemuel_arrival_muddy, layout_basic
D:2:      layout_basic, shapermc_ecumenical_altar_gd, minmay_misc_feat_enclosed,
          chequers_garden, minmay_diced_spiral, uniq_natasha
D:3:      layout_loops_ring, grunt_temple_overflow_opulence,
          nicolae_overflow_hidden_temple, uniq_pargi, uniq_jessica, uniq_sigmund
D:4:      layout_rooms, nicolae_hepliaklqana_hazy_memory, serial_shops, shop,
          nicolae_shop_hallway_plus, shop_fountains, chequers_jeans,
          minmay_misc_feat_hallway, corexii_item_surrounded_by_moat,
          uniq_duvessa

Skill      XL: |  1  2  3  4  5  6  7 |
---------------+----------------------+-----
Axes           | 3 4 |  4.5
Dodging        | 1 2 3 |  3.1
Fighting       | 4 5 |  5.0
Armour         | 4 5 |  5.5
Shields        | 4 |  4.5

Action                     |  1- 3 |  4- 6 |  7- 9 || total
---------------------------+-------+-------+-------++-------
  Melee: War axe           |    46 |   113 |    61 ||   220
  Throw: Javelin           |       |     5 |     2 ||     7
    Use: Potion            |       |     5 |     4 ||     9
         Scroll            |       |     6 |     2 ||     8
 Armour: Scale mail        |    14 |    76 |    20 ||   110
  Dodge: Dodged            |    22 |    83 |    27 ||   132
  Block: Buckler           |     8 |    38 |    12 ||    58

Table legend: (Time is in decaauts)
 A = Elapsed time spent in this place.
 B = Non-inter-level travel time spent in this place.
 C = Inter-level travel time spent in this place.
 D = Time resting spent in this place.
 E = Time spent auto-exploring this place.
 F = Levels seen in this place.
 G = Mean time per level.
                   A        B        C        D        E       F      G
               +--------+--------+--------+--------+--------+-----+--------+
         Total |   3321 |   3321 |      0 |    150 |   1394 |   4 |  830.2 |
       Dungeon |   3321 |   3321 |      0 |    150 |   1394 |   4 |  830.2 |
               +--------+--------+--------+--------+--------+-----+--------+

Top non-repeatable levels by time:
     D:2: 1280 daAuts
     D:3: 998 daAuts
     D:1: 885 daAuts
     D:4: 156 daAuts
